 Dungeon Crawl Stone Soup version 0.24-a0-181-gd121a6d4c0 (webtiles) character file.

Game seed: 17900823956122598138

146648 Roikka the Covert (level 18, -5/100 HPs)
             Began as a Kobold Hunter on Mar 13, 2019.
             Was the Champion of Hepliaklqana.
             Slain by a spark wasp (15 damage)
             ... on level 1 of the Depths on Mar 14, 2019.
             The game lasted 03:19:57 (33623 turns).

Roikka the Covert (Kobold Hunter)                  Turns: 33623, Time: 03:19:57

Health: -5/100     AC: 23    Str: 14    XL:     18   Next: 7%
Magic:  24/24      EV: 27    Int: 12    God:    Hepliaklqana [******]
Gold:   902        SH: 14    Dex: 23    Spells: 11/22 levels left

rFire    + . .     SeeInvis .   b - +9 demon whip (freeze)
rCold    + + .     Gourm    .   i - +3 buckler
rNeg     + + .     Faith    .   H - +7 troll leather armour of Beyond {rF+ MR+ Regen+ Str+2}
rPois    +         Spirit   .   l - +2 hat {MR+}
rElec    .         Reflect  +   X - +2 ratskin cloak {+Rats rPois rN+ Str-1 Int-1 Dex+1}
rCorr    .         Harm     .   p - +2 pair of gloves {Dex+3}
MR       +++..                  E - +1 pair of boots {run}
Stlth    ++++++....             Q - +4 amulet of reflection
HPRegen  0.66/turn              k - ring of Rytygitu {rC+ rN+}
MPRegen  0.19/turn              J - ring of protection from cold

@: quick
A: small, reduced essence, carnivore
a: Recall Ancestor, Ancestor Identity, Transference, Idealise, Renounce
Religion, Evoke Ratskin


You were on level 1 of the Depths.
You worshipped Hepliaklqana.
Hepliaklqana was exalted by your worship.
You were completely stuffed.

You visited 6 branches of the dungeon, and saw 26 of its levels.
You also visited: Sewer, Gauntlet, Ice Cave and Volcano.

You collected 3361 gold pieces.
You spent 2459 gold pieces at shops.

Inventory:

Hand Weapons
 a - the +5 hand crossbow "Qianorur" {velocity, -Tele rN++ Int+4}
   (You bought it in a shop on level 1 of the Elven Halls)

   Any bolt fired from it inflicts extra damage.
   It affects your intelligence (+4).
   It greatly protects you from negative energy.
   It prevents most forms of teleportation.
 b - a +9 demon whip of freezing (weapon)
 h - the +7 mace "Killer Klown's Foe" {drain, Str+9}
   (You found it on level 5 of the Lair of Beasts)

   A truly terrible weapon, it drains the life of those it strikes.
   It affects your strength (+9).
 C - a +4 flail of holy wrath
 K - a +0 eveningstar
Missiles
 d - 260 bolts
 A - 6 throwing nets (quivered)
Armour
 i - a +3 buckler (worn)
 l - a +2 hat of magic resistance (worn)
 p - a +2 pair of gloves of dexterity (worn)
 E - a +1 pair of boots of running (worn)
 H - the +7 troll leather armour of Beyond (worn) {rF+ MR+ Regen+ Str+2}
   (You took it off a minotaur in a Gauntlet)

   It affects your strength (+2).
   It protects you from fire.
   It affects your resistance to hostile enchantments.
   It increases your rate of regeneration.
 O - a +1 pair of boots of flying
 S - the +2 hat of Ceuhas {Dex+6}
   (You found it in an ice cave)

   It affects your dexterity (+6).
 X - the +2 ratskin cloak (worn) {+Rats rPois rN+ Str-1 Int-1 Dex+1}
   (You found it in a Gauntlet)

   It affects your strength (-1).
   It affects your intelligence (-1).
   It affects your dexterity (+1).
   It protects you from poison.
   It protects you from negative energy.
Jewellery
 k - the ring of Rytygitu (left hand) {rC+ rN+}
   (You found it in a Gauntlet)

   [ring of protection from cold]

   It protects you from cold.
   It protects you from negative energy.
 J - a ring of protection from cold (right hand)
 Q - a +4 amulet of reflection (around neck)
 V - an uncursed ring of protection from fire
Wands
 c - a wand of paralysis (12)
 M - a wand of iceblast (18)
 T - a wand of acid (7)
 Z - a wand of digging (13)
Scrolls
 g - 15 scrolls of teleportation
 j - 3 scrolls of enchant weapon
 r - 4 scrolls of blinking
 s - 12 scrolls of remove curse
 w - 3 scrolls of magic mapping
 y - 3 scrolls of fear
 N - a scroll of silence
 W - 4 scrolls of fog
Potions
 e - 6 potions of haste
 m - 3 potions of invisibility
 n - 6 potions of mutation
 q - 2 potions of cancellation
 t - 5 potions of might
 x - 6 potions of resistance
 z - 11 potions of curing
 F - a potion of heal wounds
 I - a potion of agility
Miscellaneous
 P - a lightning rod (inert)
 R - a lamp of fire
Comestibles
 f - 42 rations


   Skills:
 + Level 12.4 Fighting
   Level 0.4 Short Blades
 - Level 12.4 Maces & Flails
   Level 12.0 Slings
 * Level 11.1 Crossbows
 - Level 7.0 Armour
 + Level 12.4 Dodging
 - Level 14.0 Stealth
 - Level 5.6 Shields
 + Level 2.7 Spellcasting
 - Level 4.0 Hexes
 + Level 4.4 Necromancy
 + Level 4.5 Earth Magic
 - Level 8.0 Invocations
 + Level 5.2 Evocations


You had 11 spell levels left.
You knew the following spells:

 Your Spells              Type           Power        Failure   Level  Hunger
a - Confusing Touch       Hex            ##....       6%          1    #......
b - Borgnjor's Vile Clut  Necr/Erth      ##........   78%         5    ######.
c - Dispel Undead         Necr           ##......     80%         5    ######.

Your spell library contained the following spells:

 Spells                   Type           Power        Failure   Level  Hunger
 Animate Skeleton         Necr           N/A          4%          1    #......
 Sandblast                Erth           ##....       4%          1    #......
 Corpse Rot               Necr           N/A          8%          2    ###....
 Sublimation of Blood     Necr           ##........   8%          2    ###....
 Passwall                 Tmut/Erth      #.......     19%         2    ###....
 Ensorcelled Hibernation  Hex/Ice        #.....       21%         2    ###....
 Apportation              Tloc           #.....       30%         1    #......
 Beastly Appendage        Tmut           #.....       30%         1    #......
 Flame Tongue             Conj/Fire      #....        30%         1    #......
 Infusion                 Chrm           #...         30%         1    #......
 Sting                    Conj/Pois      #...         30%         1    #......
 Summon Small Mammal      Summ           #...         30%         1    #......
 Stone Arrow              Conj/Erth      #.....       34%         3    ###....
 Dazzling Spray           Conj/Hex       #.....       36%         3    ###....
 Inner Flame              Hex/Fire       #.......     36%         3    ###....
 Poisonous Vapours        Pois/Air       #.....       41%         2    ###....
 Shroud of Golubria       Chrm/Tloc      #.........   41%         2    ###....
 Song of Slaying          Chrm           #.......     41%         2    ###....
 Sticks to Snakes         Tmut           #.......     41%         2    ###....
 Throw Flame              Conj/Fire      #.....       41%         2    ###....
 Conjure Flame            Conj/Fire      #.......     65%         3    ###....
 Mephitic Cloud           Conj/Pois/Air  #.......     65%         3    ###....
 Spider Form              Tmut/Pois      #.........   65%         3    ###....
 Petrify                  Tmut/Erth      #.......     75%         4    #####..
 Lee's Rapid Deconstruct  Erth           ##........   78%         5    ######.
 Agony                    Necr           ##......     80%         5    ######.
 Force Lance              Conj/Tloc      #.......     96%         4    #####..
 Ice Form                 Ice/Tmut       #.......     96%         4    #####..
 Olgreb's Toxic Radiance  Pois           #.......     96%         4    #####..
 Sticky Flame             Conj/Fire      #.......     96%         4    #####..
 Bolt of Draining         Conj/Necr      #.........   97%         5    ######.
 Excruciating Wounds      Chrm/Necr      #.........   97%         5    ######.
 Silence                  Hex/Air        #.........   98%         5    ######.
 Bolt of Magma            Conj/Fire/Erth #.........   99%         5    ######.
 Blade Hands              Tmut           #.........   100%        5    ######.
 Fireball                 Conj/Fire      #.........   100%        5    ######.
 Iskenderun's Battlesphe  Conj/Chrm      #.......     100%        5    ######.
 Venom Bolt               Conj/Pois      #.........   100%        5    ######.
 Bolt of Fire             Conj/Fire      #.........   100%        6    #######
 Darkness                 Hex            ##........   100%        6    #######
 Deflect Missiles         Chrm/Air       #.........   100%        6    #######
 Iron Shot                Conj/Erth      #.........   100%        6    #######
 Shadow Creatures         Summ           N/A          100%        6    #######
 Orb of Destruction       Conj           #.........   100%        7    #######
 Ring of Flames           Chrm/Fire      #.........   100%        7    #######
 Spellforged Servitor     Conj/Summ      #.........   100%        7    #######


Dungeon Overview and Level Annotations

Branches:
Dungeon (15/15)            Temple (1/1) D:5            Lair (6/6) D:10
 Shoals (0/4) Lair:4       Spider (0/4) Lair:2        Slime (0/5) Lair:5
    Orc (2/2) D:11            Elf (1/3) Orc:2        Vaults (0/5) D:14
 Depths (1/5) D:15

Altars:
Ashenzari
Cheibriados
Elyvilon
Fedhas
Gozag
Hepliaklqana
Kikubaaqudgha
Okawaru
Qazlal
Sif Muna
Trog
Uskayaw
Wu Jian
Xom
Yredelemnul
Zin
The Shining One
Beogh
Jiyva

Shops:
D:8 (   Orc:2 :*[%:   Elf:1 ((

Annotations:
Lair:2 1 runed translucent door, Dasij's ghost, journeyman VSMo
Lair:5 1 runed translucent door, exclusion: door


Innate Abilities, Weirdness & Mutations

You are small and have problems with some larger weapons.
You are carnivorous and can eat meat at any time.
Your life essence is reduced to manifest your ancestor. (-10% HP)


Message History

You hit the spark wasp but do no damage.
The spark wasp is severely wounded.
You hit the spark wasp but do no damage.
The spark wasp is severely wounded.
Something stings Britney!!
Something shocks Britney!
Britney is destroyed!
The spark wasp bursts into living lightning!
The living lightning hits you!
* * * LOW HITPOINT WARNING * * *
The living lightning misses you.
The spark wasp blinks! x2
The spark wasp misses you.
You hit the spark wasp but do no damage.
The spark wasp is severely wounded.
You block the spark wasp's attack.
You closely miss the spark wasp.
The spark wasp is severely wounded.
The spark wasp stings you!
* * * LOW HITPOINT WARNING * * *
The spark wasp shocks you!
You die...

#..R.......# .(
##.######### ...
#.......# ..#
#######'###
###+###C..# #..R....#
#....'y⌠.#
#.#########....#...#
#......R'.#...R##+##
#.#####.#y#.....(...#
#(......#@#.........#
#########yy.........+
###.........#
#.........#
###########


You could see 3 spark wasps.

Vanquished Creatures
  Kirke (D:15)
  Gastronok (Lair:2)
  A tengu reaver (D:13)
  A frost giant (D:13)
  2 stone giants (D:13)
  A minotaur (Gauntlet)
  2 ettins
  Josephine (D:12)
  A yaktaur captain (D:13)
  2 blizzard demons (IceCv)
  Fannar (D:12)
  An ice dragon (Lair:6)
  Erolcha (D:9)
  3 hydras
  Harold (D:11)
  2 catoblepae
  2 centaur warriors
  A dancing weapon (Elf:1)
  A death scarab (Gauntlet)
  5 death yaks
  3 tengu warriors
  2 alligators (D:14)
  4 two-headed ogres
  2 orc high priests (Orc:2)
  2 hell knights
  3 deep elf knights
  2 lindwurms
  A wolf spider zombie (D:15)
  A phantasmal warrior (D:13)
  2 oklob plants (Lair:5)
  4 orc knights
  3 manticores
  3 orc sorcerers (Orc:2)
  11 deep elf magi
  A cyclops (D:12)
  13 ugly things
  4 slime creatures
  9 elephants
  Joseph (D:6)
  4 centaur zombies
  A molten gargoyle (Volcano)
  2 ice statues (Elf:1)
  5 centaur skeletons
  A hellion (Gauntlet)
  2 gargoyles
  A komodo dragon (Lair:3)
  4 spiny frogs
  2 kobold demonologists (D:15)
  5 ice devils (IceCv)
  2 freezing wraiths (IceCv)
  A yaktaur (shapeshifter) (D:15)
  A jumping spider (Lair:2)
  4 anaconda simulacra (IceCv)
  A polar bear (Lair:6)
  9 trolls
  A tyrant leech (D:14)
  4 blink frogs (Lair:4)
  14 hippogriffs
  A raiju (shapeshifter) (D:15)
  3 water elementals (D:12)
  A shadow (D:15)
  2 redbacks (Lair:2)
  3 wraiths (D:12)
  31 yaks
  4 wyverns
  A human (D:9)
  4 fire bats (Volcano)
  2 basilisks (D:14)
  2 hogs (D:15)
  A hungry ghost (D:14)
  3 harpy simulacra (IceCv)
  2 death yak simulacra (IceCv)
  Edmund (D:6)
  Menkaure (D:6)
  2 vampire mosquitoes (D:12)
  2 iron troll simulacra (IceCv)
  Duvessa (D:7)
  2 hydra simulacra (IceCv)
  2 acid dragons
  5 hell hounds
  8 porcupines
  6 water moccasins
  11 orc warriors
  A hornet zombie (D:12)
  An alligator simulacrum (IceCv)
  An ettin simulacrum (IceCv)
  3 ice beasts
  A black bear (Lair:2)
  2 phantoms
  A sky beast (D:8)
  11 centaurs
  30 wolves
  12 ogres
  4 big kobolds
  2 crocodiles
  A crocodile (shapeshifter) (D:13)
  A wyvern zombie (D:13)
  13 bullfrogs
  A gnoll sergeant (D:6)
  A water moccasin zombie (D:7)
  A scorpion (D:9)
  5 killer bees
  An elephant simulacrum (IceCv)
  6 wights
  3 electric eels (Lair:6)
  A crimson imp (D:10)
  A howler monkey (D:4)
  A lava snake (Volcano)
  2 draconian simulacra (IceCv)
  11 hounds
  6 jellies
  17 orc priests
  Crazy Yiuf (D:6)
  A bullfrog skeleton (D:13)
  Terence (D:3)
  4 hell rats
  4 iguanas
  16 orc wizards
  7 worker ants
  A polar bear simulacrum (IceCv)
  2 troll simulacra (IceCv)
  A spriggan simulacrum (IceCv)
  3 centaur simulacra (IceCv)
  A hound skeleton (D:5)
  A worker ant zombie (D:10)
  2 gnolls (D:6)
  A naga simulacrum (IceCv)
  18 adders
  An ogre simulacrum (IceCv)
  4 river rats (D:14)
  4 shadow imps
  3 white imps
  4 ufetubi
  2 oozes
  An adder zombie (D:8)
  2 adder skeletons
  6 worms (D:14)
  3 dart slugs
  7 leopard geckos
  76 orcs
  A ball python (D:2)
  10 bats
  6 giant cockroaches
  10 goblins
  9 hobgoblins
  12 jackals
  11 kobolds
  2 quokkas
  8 frilled lizards
  A quokka zombie (D:9)
  12 rats
667 creatures vanquished.

Vanquished Creatures (collateral kills)
  A deep elf elementalist (Elf:1)
  An ironheart preserver (D:14)
  A spark wasp (Depths:1)
  A deep elf annihilator (Elf:1)
  A fire dragon (D:14)
  4 hydras
  An ice dragon (Lair:5)
  Erica (D:8)
  A deep troll shaman (Lair:6)
  The ghost of fakeknee the Carver, a novice OpCK of Nemelex Xobeh (D:8)
  3 death yaks
  2 orc high priests (Orc:2)
  Nergalle (Lair:1)
  A spectral death yak (Gauntlet)
  A fire crab (Volcano)
  A sixfirhy (Gauntlet)
  An unseen horror (D:11)
  14 deep elf magi
  Pikel (D:7)
  An orc knight (Orc:2)
  A deep elf archer (Elf:1)
  2 lindwurms
  An oklob plant (Lair:5)
  3 orc sorcerers
  A centaur zombie (D:14)
  8 elephants
  An ice statue (D:11)
  A molten gargoyle (Volcano)
  9 spiny frogs
  4 komodo dragons
  An anaconda simulacrum (IceCv)
  A golden dragon simulacrum (IceCv)
  2 ice devils (IceCv)
  2 tengu conjurers
  4 jumping spiders (Lair:2)
  4 trolls
  A tyrant leech (D:14)
  2 slime creatures (D:13)
  2 hornets
  10 blink frogs
  7 hippogriffs
  2 redbacks (Lair:2)
  A shadow (D:12)
  2 water elementals
  5 wyverns
  A fire bat (Volcano)
  2 wraiths
  A fire elemental (Elf:1)
  2 hungry ghosts
  13 yaks
  A steam dragon (Volcano)
  A vampire mosquito (D:12)
  A harpy simulacrum (IceCv)
  An acid dragon (D:14)
  A warg (Orc:1)
  6 water moccasins
  4 porcupines
  18 orc warriors
  4 black bears
  A hornet zombie (D:11)
  4 ice beasts
  An eye of draining (D:12)
  An ogre (D:7)
  A necrophage (D:9)
  11 wolves
  3 phantoms
  5 centaurs
  8 crocodiles
  12 bullfrogs
  2 killer bees
  3 wights
  2 howler monkeys (D:6)
  2 crimson imps
  A bullfrog zombie (D:8)
  2 lava snakes (Volcano)
  9 orc priests
  12 orc wizards
  3 jellies
  A bullfrog skeleton (D:9)
  2 centaur skeletons
  3 iguanas
  3 hell rats (Lair:6)
  5 worker ants
  A killer bee zombie (D:8)
  3 gnolls (D:6)
  2 adders
  2 white imps (Lair:6)
  4 ufetubi
  An adder zombie (D:8)
  2 worms (D:14)
  A dart slug (D:5)
  2 leopard geckos (Sewer)
  16 orcs
  3 giant cockroaches (Sewer)
  6 jackals
  A quokka (D:5)
  A ball python (Sewer)
  A ball python zombie (D:6)
  2 frilled lizards
  2 kobolds (D:11)
  A rat (D:14)
  2 fungi (Lair:2)
  2 plants (Lair:6)
324 creatures vanquished.

Vanquished Creatures (others)
  A deep elf archer (Elf:1)
  A steam dragon (Volcano)
  Dowan (D:7)
  A crimson imp (D:15)
  33 battlemagi
  3 ancestors
  A white imp (IceCv)
  3 ufetubi (IceCv)
  2 bushes
  16 fungi
  12 plants
  4 withered plants (Gauntlet)
78 creatures vanquished.

Grand Total: 1069 creatures vanquished

Notes
Turn   | Place    | Note
-------+----------+-------------------------------------------
     0 | D:1      | Roikka the Kobold Hunter began the quest for the Orb.
     0 | D:1      | Reached XP level 1. HP: 12/12 MP: 1/1
    59 | D:1      | Reached XP level 2. HP: 18/18 MP: 2/2
   249 | D:1      | Reached skill level 5 in Crossbows
   269 | D:1      | Reached skill level 2 in Stealth
   391 | D:1      | Reached XP level 3. HP: 19/22 MP: 3/3
   913 | D:2      | Reached skill level 1 in Maces & Flails
   913 | D:2      | Reached XP level 4. HP: 27/27 MP: 4/4
  1111 | D:2      | HP: 1/28 [poisoned by an adder]
  1629 | D:3      | Reached skill level 3 in Stealth
  1629 | D:3      | Reached XP level 5. HP: 32/32 MP: 5/5
  1801 | D:3      | Noticed Terence
  1826 | D:3      | Killed Terence
  2136 | D:3      | Found Zin's Purification Station.
  2142 | D:3      | Found a glowing silver altar of Zin.
  2145 | D:3      | Bought a potion of curing for 90 gold pieces
  2501 | D:4      | Noticed an ogre
  2507 | D:4      | Killed an ogre
  2507 | D:4      | Reached XP level 6. HP: 37/37 MP: 6/6
  2551 | D:4      | Noticed an ogre
  2571 | D:4      | Killed an ogre
  2571 | D:4      | Reached skill level 4 in Stealth
  2674 | D:4      | Reached XP level 7. HP: 42/42 MP: 7/7
  3633 | D:5      | Entered Level 5 of the Dungeon
  3806 | D:5      | Found a staircase to the Ecumenical Temple.
  3846 | D:5      | Reached skill level 5 in Stealth
  3846 | D:5      | Reached XP level 8. HP: 36/48 MP: 8/8
  3896 | Temple   | Entered the Ecumenical Temple
  3996 | Temple   | Became a worshipper of Hepliaklqana the Forgotten
  4058 | D:5      | Reached skill level 5 in Dodging
  4435 | D:5      | Reached skill level 5 in Fighting
  4771 | D:5      | Reached skill level 6 in Stealth
  4957 | D:5      | Reached skill level 5 in Maces & Flails
  4957 | D:5      | Reached XP level 9. HP: 48/48 MP: 9/9
  5787 | D:6      | Reached skill level 1 in Shields
  5802 | D:6      | Found a glowing drain.
  5809 | D:6      | Reached * piety under Hepliaklqana
  5813 | Sewer    | Entered a sewer
  6262 | D:6      | HP: 2/48 [orc warrior/+3 war axe (7)]
  6716 | D:6      | Reached skill level 7 in Stealth
  6970 | D:6      | Noticed Menkaure
  6979 | D:6      | Killed Menkaure
  7123 | D:6      | Found a runed translucent door.
  7124 | D:6      | Noticed Crazy Yiuf
  7142 | D:6      | Killed Crazy Yiuf
  7296 | D:6      | Noticed Edmund
  7312 | D:6      | Killed Edmund
  7437 | D:7      | Noticed Joseph
  7478 | D:6      | Killed Joseph
  7478 | D:6      | Reached XP level 10. HP: 25/54 MP: 10/10
  7671 | D:7      | Got a blackened hunting sling
  7675 | D:7      | Identified the +6 hunting sling "Weg Umig" {velocity, rC-
                  | Int+4} (You found it on level 7 of the Dungeon)
  7679 | D:7      | Noticed Pikel
  7691 | D:7      | Killed Pikel
  7691 | D:7      | Reached skill level 1 in Armour
  7697 | D:7      | Noticed Duvessa
  7702 | D:7      | Noticed Dowan
  7708 | D:7      | Killed Duvessa
  7713 | D:7      | Killed Dowan
  8178 | D:7      | Reached skill level 8 in Stealth
  8375 | D:7      | Learned a level 1 spell: Confusing Touch
  8566 | D:7      | Reached skill level 1 in Slings
  8595 | D:8      | Reached ** piety under Hepliaklqana
  8609 | D:8      | Remembered your ancestor Britney as a battlemage
  8670 | D:8      | Noticed a tengu warrior
  8729 | D:8      | Killed a tengu warrior
  8729 | D:8      | Reached skill level 1 in Spellcasting
  8729 | D:8      | Reached skill level 1 in Hexes
  9030 | D:8      | Noticed Erica
  9041 | D:8      | Killed Erica
  9041 | D:8      | Reached XP level 11. HP: 54/59 MP: 11/13
  9093 | D:8      | Found a runed translucent gate.
  9093 | D:8      | Found a runed translucent gate.
  9094 | D:8      | Found an opulent altar of Gozag.
  9094 | D:8      | Found a runed translucent gate.
  9128 | D:8      | Noticed fakeknee's ghost (novice OpCK)
  9158 | D:8      | Found Ruryuh's Weapon Boutique.
  9256 | D:8      | Killed fakeknee's ghost
 10279 | D:9      | Noticed Erolcha
 10293 | D:9      | Killed Erolcha
 10729 | D:10     | Entered Level 10 of the Dungeon
 10844 | D:10     | Reached skill level 9 in Stealth
 10965 | D:10     | Reached skill level 5 in Shields
 11348 | D:10     | Found a staircase to the Lair.
 11541 | D:10     | Reached *** piety under Hepliaklqana
 11643 | D:10     | Reached XP level 12. HP: 55/64 MP: 15/15
 12063 | D:11     | Reached skill level 1 in Invocations
 12120 | D:11     | Found a white marble altar of Elyvilon.
 12201 | D:11     | Found a gate leading to a gauntlet.
 12213 | Gauntlet | Entered a Gauntlet
 12213 | Gauntlet | Found a transporter.
 12222 | Gauntlet | Found a transporter.
 12240 | Gauntlet | Found a transporter.
 12248 | Gauntlet | Found a transporter.
 12265 | Gauntlet | Found a transporter.
 12283 | Gauntlet | Found a transporter.
 12286 | Gauntlet | Noticed a death scarab
 12287 | Gauntlet | Noticed a death scarab
 12295 | Gauntlet | Found a transporter.
 12298 | Gauntlet | Noticed a fire crab
 12307 | Gauntlet | Found a transporter.
 12310 | Gauntlet | a fire crab changed into a spiny frog
 12319 | Gauntlet | Found a transporter.
 12320 | Gauntlet | Noticed a death yak
 12321 | Gauntlet | Found the +1 cloak of Starlight {rElec rC+ EV+4 Stlth--}
 12321 | Gauntlet | Noticed a death yak
 12322 | Gauntlet | Noticed a death yak
 12323 | Gauntlet | Noticed a death yak
 12331 | Gauntlet | Found a transporter.
 12349 | Gauntlet | Found a transporter.
 12369 | Gauntlet | Found a transporter.
 12371 | Gauntlet | Found a transporter.
 12372 | Gauntlet | Noticed a death scarab
 12405 | Gauntlet | Found a transporter.
 12407 | Gauntlet | Found a transporter.
 12423 | Gauntlet | Noticed a sixfirhy
 12423 | Gauntlet | Found a transporter.
 12426 | Gauntlet | Found a transporter.
 12431 | Gauntlet | Found a transporter.
 12443 | Gauntlet | Killed a sixfirhy
 12443 | Gauntlet | Reached skill level 5 in Slings
 12556 | Gauntlet | Noticed an anaconda
 12556 | Gauntlet | a shining eye changed into an anaconda
 12558 | Gauntlet | an anaconda changed into a water nymph
 12586 | Gauntlet | HP: 2/65 [death scarab (21)]
 12588 | Gauntlet | Killed a death scarab
 13137 | Gauntlet | Got a pitted ivory ring
 13141 | Gauntlet | Identified the ring of Rytygitu {rC+ rN+} (You found it in
                  | a Gauntlet)
 13151 | Gauntlet | Identified the cursed +2 dagger of Valiance {flame, rF+ MR-
                  | Int+3 Dex+3}
 13151 | Gauntlet | Identified the +7 troll leather armour of Beyond {rF+ MR+
                  | Regen+ Str+2}
 13151 | Gauntlet | Noticed a minotaur
 13205 | Gauntlet | Killed a minotaur
 13233 | Gauntlet | Found the +2 ratskin cloak {+Rats rPois rN+ Str-1 Int-1
                  | Dex+1}
 13247 | Gauntlet | Got a dazzling quarterstaff
 13247 | Gauntlet | Got a smoking troll leather armour
 13249 | Gauntlet | Identified Erpha Ahe's Tome of Self-Improvement and the
                  | Volcanoes
 13337 | D:11     | Identified the cursed +1 troll leather armour of Royalty
                  | {rN++ Regen+} (You found it in a Gauntlet)
 13429 | D:11     | Reached **** piety under Hepliaklqana
 13430 | D:11     | Noticed Harold
 13449 | D:11     | Killed Harold
 13508 | D:11     | Killed an unseen horror
 13508 | D:11     | Reached skill level 10 in Stealth
 13688 | D:11     | Identified the Compendium of Torrid Good Luck
 13692 | D:11     | Got a vibrating golden ring
 13706 | D:11     | Identified the ring "Huath" {+Fly rN+} (You found it on
                  | level 11 of the Dungeon)
 14203 | D:11     | Found a staircase to the Orcish Mines.
 14535 | Lair:1   | Entered Level 1 of the Lair of Beasts
 14541 | Lair:1   | Reached XP level 13. HP: 70/70 MP: 16/16
 14892 | Lair:1   | Noticed Nergalle
 14943 | Lair:1   | Killed Nergalle
 15020 | Lair:1   | Noticed a six-headed hydra
 15035 | Lair:1   | Killed a six-headed hydra
 15507 | Lair:1   | Reached ***** piety under Hepliaklqana
 15980 | Lair:2   | Found a hole to the Spider Nest.
 16117 | Lair:2   | Noticed Gastronok
 16134 | Lair:2   | Killed Gastronok
 16175 | Lair:2   | Reached skill level 11 in Stealth
 16564 | Lair:2   | Found a runed translucent door.
 16564 | Lair:2   | Found a shimmering altar of Xom.
 16564 | Lair:2   | Noticed Dasij's ghost (journeyman VSMo)
 16566 | Lair:2   | Identified the +3 broad axe of Bankruptcy {chaos, MR+}
 16617 | Lair:2   | Reached skill level 5 in Invocations
 16752 | Lair:2   | Found the +10 Black Knight's horse barding {ponderous,
                  | rPois rN+}
 17114 | Lair:3   | Reached skill level 5 in Armour
 17161 | Lair:3   | Got a wizard robe
 17629 | Lair:3   | Found a dark tunnel.
 17646 | Volcano  | Entered a volcano
 17812 | Volcano  | Reached skill level 10 in Maces & Flails
 17905 | Volcano  | Found a burning altar of Makhleb.
 17929 | Volcano  | Reached XP level 14. HP: 69/77 MP: 17/17
 18079 | Volcano  | Identified the cursed +0 robe of the Nexus {rPois rC+
                  | Int+7} (You found it on level 3 of the Lair of Beasts)
 18490 | Lair:4   | Upgraded the game from 0.24-a0-177-g4d90231847 to
                  | 0.24-a0-181-gd121a6d4c0
 18625 | Lair:4   | Reached ****** piety under Hepliaklqana
 18940 | Lair:4   | Found a staircase to the Shoals.
 19683 | Lair:5   | Reached skill level 12 in Stealth
 20543 | Lair:5   | Reached skill level 10 in Fighting
 20651 | Lair:5   | Reached skill level 10 in Slings
 20665 | Lair:5   | Reached XP level 15. HP: 44/82 MP: 18/20
 21147 | Lair:5   | Got an encrusted mace
 21154 | Lair:5   | Identified the +7 mace "Killer Klown's Foe" {drain, Str+9}
                  | (You found it on level 5 of the Lair of Beasts)
 21210 | Lair:5   | Found a runed translucent door.
 21210 | Lair:5   | Found a viscous altar of Jiyva.
 21210 | Lair:5   | Found a staircase to the Slime Pits.
 21210 | Lair:5   | Noticed an acid blob
 21210 | Lair:5   | Noticed an acid blob
 21458 | Lair:6   | Entered Level 6 of the Lair of Beasts
 21861 | Lair:5   | Reached skill level 10 in Dodging
 23141 | Lair:6   | Reached skill level 13 in Stealth
 23300 | Lair:6   | Learned a level 5 spell: Borgnjor's Vile Clutch
 23514 | Orc:1    | Entered Level 1 of the Orcish Mines
 24142 | Orc:2    | Entered Level 2 of the Orcish Mines
 24142 | Orc:2    | Found Zanetru's Book Emporium.
 24675 | Orc:2    | Found a staircase to the Elven Halls.
 25155 | Orc:2    | Reached XP level 16. HP: 73/89 MP: 22/22
 25221 | Orc:2    | Found Tegiegub's General Store.
 25221 | Orc:2    | Found Lienn's Armour Shoppe.
 25231 | Orc:2    | Found Vyugriw's Book Shoppe.
 25231 | Orc:2    | Found Geskeusen's Food Shop.
 25259 | Orc:2    | Bought a potion of berserk rage for 65 gold pieces
 25259 | Orc:2    | Bought a scroll of identify for 26 gold pieces
 25259 | Orc:2    | Bought a scroll of identify for 26 gold pieces
 25259 | Orc:2    | Bought an uncursed ring of protection from cold for 325
                  | gold pieces
 25264 | Orc:2    | Bought a book of Death for 910 gold pieces
 25271 | Orc:2    | Learned a level 5 spell: Dispel Undead
 25426 | Orc:2    | Found a roughly hewn altar of Beogh.
 25492 | Elf:1    | Entered Level 1 of the Elven Halls
 25801 | Elf:1    | Found a frozen archway.
 25834 | IceCv    | Entered an ice cave
 25921 | IceCv    | Identified a +0 pair of boots of running (You found it in
                  | an ice cave)
 26375 | IceCv    | Got a twisted hat
 26376 | IceCv    | Identified the +2 hat of Ceuhas {Dex+6} (You found it in an
                  | ice cave)
 26691 | Elf:1    | Reached skill level 14 in Stealth
 27230 | Elf:1    | Reached skill level 1 in Necromancy
 27230 | Elf:1    | Reached skill level 1 in Earth Magic
 27230 | Elf:1    | Reached skill level 1 in Evocations
 27366 | Elf:1    | Identified Quobbu's Disquisition on Confrontation
 27493 | Elf:1    | Found Fiwysas's Antique Weapon Emporium.
 27509 | Elf:1    | Bought a translucent hand crossbow for 280 gold pieces
 27509 | Elf:1    | Identified the +5 hand crossbow "Qianorur" {velocity, -Tele
                  | rN++ Int+4} (You bought it in a shop on level 1 of the
                  | Elven Halls)
 27514 | Elf:1    | Found Kiqat's Weapon Shoppe.
 27525 | Elf:1    | Bought a runed demon whip for 594 gold pieces
 28011 | D:12     | Noticed Josephine
 28027 | D:12     | Killed Josephine
 28475 | D:12     | Reached XP level 17. HP: 95/95 MP: 23/23
 28510 | D:12     | Noticed Fannar
 28519 | D:12     | Killed Fannar
 28798 | D:8      | Bought 18 bolts for 46 gold pieces
 29371 | Orc:2    | Bought a scroll of enchant armour for 97 gold pieces
 30229 | D:13     | Found a runed translucent door.
 30231 | D:13     | Noticed a tengu reaver
 30267 | D:13     | Killed a tengu reaver
 30495 | D:13     | Reached skill level 10 in Crossbows
 30502 | D:13     | Got a glittering bronze ring
 30503 | D:13     | Identified the ring of Dishonour {Fire Dex+2} (You found it
                  | on level 13 of the Dungeon)
 30505 | D:13     | Got a brightly glowing leather armour
 30524 | D:13     | Identified the cursed +1 leather armour of Xonuot {rElec
                  | Int+4} (You found it on level 13 of the Dungeon)
 31537 | D:14     | Found an ancient bone altar of Kikubaaqudgha.
 31653 | D:14     | Found a gate to the Vaults.
 31962 | D:14     | Got a slimy rapier
 31963 | D:14     | Identified the +5 rapier "Lylup" {venom, +Fly rC+ Str+3
                  | Stlth-} (You found it on level 14 of the Dungeon)
 32218 | D:15     | Entered Level 15 of the Dungeon
 32447 | D:15     | Got a transparent jade amulet
 32449 | D:15     | Identified the amulet "Dutetuask" {Faith rF- Str+8} (You
                  | found it on level 15 of the Dungeon)
 32614 | D:15     | Found a bloodstained altar of Trog.
 32961 | D:15     | Noticed Kirke
 32981 | D:15     | Killed Kirke
 33099 | D:15     | Reached skill level 5 in Evocations
 33152 | D:15     | Found a staircase to the Depths.
 33168 | D:15     | Reached XP level 18. HP: 80/100 MP: 24/24
 33446 | Depths:1 | Entered Level 1 of the Depths
 33623 | Depths:1 | Slain by a spark wasp

Levels and vault maps discovered:
D:1:      minmay_arrival_loop, layout_rooms
D:2:      layout_basic
D:3:      layout_loops_corners, zin_purify, uniq_terence
D:4:      layout_layer_cave, first_ration, kennysheep_decorative_pillar
D:5:      layout_layer_cave, minmay_temple_entry_overgrown
D:6:      layout_rooms, gup_sewer_entry_glass, nicolae_ossuary_entry_ruins,
          ebering_dispersal_statue_hall, uniq_menkaure, uniq_edmund,
          uniq_crazy_yiuf_cottage
D:7:      layout_loops_cross, uniq_joseph, uniq_pikel, uniq_duvessa
D:8:      layout_basic, serial_shops, shop, ebering_ghost_gozag, uniq_erica
D:9:      layout_loops_cross, grunt_pizzeria, uniq_erolcha
D:10:     layout_rooms, due_lair_maze_entry_diamond, serial_glass,
          glass_columns_b, glass_columns_b
D:11:     layout_loops_corners, david_orc_2, gauntlet_entry_generic,
          minivault_15, elyvilon_altar_1, uniq_harold
D:12:     layout_long_grid, nicolae_underground_beach, uniq_fannar,
          uniq_josephine
D:13:     minmay_gate_of_8, layout_basic, minmay_shattered_shrine
D:14:     layout_basic, skrybe_vaults_entry_preservation, lemuel_crystal_altar,
          hangedman_parallel_progression
D:15:     hangedman_depths_entry_civil_slaughter, layout_basic, minivault_24,
          basic_altar, minmay_stone_trees_medium, minmay_misc_feat_more_columns,
          uniq_kirke
Temple:   kilobyte_greek_temple
Lair:1:   layout_cave_pods, minivault_27, minivault_23, beast_lair_carwin_2,
          grunt_megastairs_1, serial_bayou_shore_b, uniq_nergalle
Lair:2:   layout_regular_city, nicolae_spider_entry_tight_spaces,
          ebering_ghost_xom, uniq_gastronok
Lair:3:   layout_gridlike, nicolae_volcano_entry_vermiform, grunt_megastairs_5
Lair:4:   layout_gridlike, shoals_dummy_entry, minivault_25,
          chequers_serial_rivers_micro_d, grunt_forest_large_clearings
Lair:5:   dragon1_lemuel, layout_long_grid, slime_altar_2, beast_lair_carwin_3,
          minmay_lair_oklob_chamber
Lair:6:   grunt_lair_end_beastmaster, layout_regular_city,
          bobbens_ice_dragon_lair, serial_bayou_shore_a, lemuel_fruit_fields,
          infiniplex_staircase_pool, lemuel_fruit_tree
Orc:1:    layout_caves, serial_shops
Orc:2:    grunt_orc_tribal_feast, layout_diamond_mine, serial_shops, shop,
          nicolae_orc_rockfall, kennysheep_orc_chapel
Elf:1:    eino_elf_arrival_the_gate, layout_loops_corners,
          portal_ice_cave_entry_ice_statue_two,
          portal_desolation_entry_nicolae_slug, minmay_elf_annihilation,
          minmay_shoptagon
Depths:1: layout_roguey, pf_hell_entry_tar_river, abyss_entry,
          minmay_misc_feat_four_crosses, minmay_microvault, grunt_megastairs_4,
          uniq_bai_suzhen, uniq_mara
Sewer:    sewer_frog_island_01
IceCv:    ice_cave_caverns_03
Volcano:  volcano_lake [vl_original]
Gauntlet: gammafunk_gauntlet_one_two_three [gammafunk_gauntlet_arena_split_x,
          gammafunk_gauntlet_arena_mazey, gammafunk_gauntlet_arena_corners,
          gammafunk_gauntlet_arena_chambers, gammafunk_gauntlet_arena_grid,
          nicolae_gauntlet_arena_x, nicolae_gauntlet_arena_quarters,
          gammafunk_gauntlet_arena_split_diamond, nicolae_gauntlet_swirl,
          nicolae_gauntlet_exit_dead_adventurers]

Skill      XL: |  1  2  3  4  5  6  7  8  9 10 11 12 13 14 15 16 17 |
---------------+----------------------------------------------------+-----
Crossbows      | 5 6 7 8 9 11 | 11.1
Stealth        | 2 3 4 5 6 7 8 9 10 11 12 13 14 | 14.0
Dodging        | 3 4 5 6 7 8 9 10 11 12 | 12.4
Maces & Flails | 1 2 3 5 6 7 8 9 10 11 12 | 12.4
Fighting       | 3 4 5 6 7 8 9 10 11 12 | 12.4
Shields        | 2 4 5 |  5.6
Armour         | 2 3 4 5 6 7 |  7.0
Slings         | 2 4 6 8 10 11 12 | 12.0
Spellcasting   | 1 2 |  2.7
Hexes          | 1 3 4 |  4.0
Invocations    | 3 5 6 8 |  8.0
Necromancy     | 2 4 |  4.4
Earth Magic    | 2 4 |  4.5
Evocations     | 2 5 |  5.2
Short Blades   | |  0.4

Action                   |  1- 3 |  4- 6 |  7- 9 | 10-12 | 13-15 | 16-18 || total
-------------------------+-------+-------+-------+-------+-------+-------++-------
Melee: Whip              |    58 |    69 |   253 |   196 |   396 |       ||   972
       Mace              |       |       |       |       |   282 |    65 ||   347
       Demon whip        |       |       |       |       |       |   771 ||   771
       Flail             |       |       |       |       |       |   111 ||   111
 Fire: Hand crossbow     |    12 |    41 |    79 |     5 |       |    21 ||   158
       Hunting sling     |       |       |       |   423 |   917 |   239 ||  1579
 Cast: Confusing Touch   |       |       |       |     4 |     1 |       ||     5
Invok: Ancestor Identity |       |       |     1 |       |       |       ||     1
       Recall Ancestor   |       |       |     1 |       |     1 |     3 ||     5
       Ancestor Life: Ba |       |       |       |     1 |       |       ||     1
Evoke: Lightning rod     |       |       |       |     4 |     4 |     6 ||    14
       Lamp of fire      |       |       |       |     1 |     1 |     1 ||     3
       Wand              |       |       |       |       |     1 |       ||     1
  Use: Scroll            |       |     8 |    13 |     9 |    12 |    22 ||    64
       Potion            |       |     3 |       |     8 |     1 |     6 ||    18
 Stab: Sleeping          |     1 |     5 |     2 |     2 |     5 |    42 ||    57
       Distracted        |       |       |     2 |       |    14 |     7 ||    23
       Confused          |       |       |       |     3 |       |       ||     3
  Eat: Chunk             |     8 |     5 |    15 |    22 |    33 |    25 ||   108
Armor: Leather armour    |    17 |    18 |    13 |       |       |       ||    48
       Ring mail         |       |       |    43 |       |       |       ||    43
       Scale mail        |       |       |     6 |   115 |       |       ||   121
       Troll leather arm |       |       |       |    32 |   229 |   129 ||   390
Dodge: Dodged            |    45 |    52 |   187 |   240 |   862 |   428 ||  1814
Block: Buckler           |       |       |    26 |   125 |   367 |   391 ||   909
       Reflection        |       |       |       |       |       |    20 ||    20

Table legend:
 A = Non-vault XP
 B = Vault XP
 C = Vault XP percentage of total XP
 D = Non-vault monster count
 E = Vault monster count
 F = Vault count percentage of total count
                 A         B        C        D         E       F
            +---------+---------+-------+---------+---------+-------
      Total |  105381 |  104117 |  49.7 |     641 |     349 |  35.3
            +---------+---------+-------+---------+---------+-------
        D:1 |      47 |       0 |   0.0 |      26 |       0 |   0.0
        D:2 |      71 |       0 |   0.0 |      18 |       0 |   0.0
        D:3 |     102 |      36 |  26.1 |      19 |       1 |   5.0
        D:4 |     535 |       0 |   0.0 |      10 |       0 |   0.0
        D:5 |    1258 |       0 |   0.0 |      30 |       0 |   0.0
        D:6 |     981 |     901 |  47.9 |      32 |       9 |  22.0
        D:7 |     864 |     829 |  49.0 |      17 |       3 |  15.0
        D:8 |    2409 |    1844 |  43.4 |      25 |       4 |  13.8
        D:9 |    1135 |    1804 |  61.4 |      20 |       6 |  23.1
       D:10 |    3000 |     864 |  22.4 |      31 |       8 |  20.5
       D:11 |    4749 |    1439 |  23.3 |      44 |       7 |  13.7
       D:12 |    7226 |    3806 |  34.5 |      52 |      10 |  16.1
       D:13 |    6233 |   13753 |  68.8 |      25 |      18 |  41.9
       D:14 |    4571 |    8325 |  64.6 |      15 |      56 |  78.9
       D:15 |   14323 |    6982 |  32.8 |      35 |       9 |  20.5
     Lair:1 |    4520 |    1208 |  21.1 |      18 |       5 |  21.7
     Lair:2 |    4804 |    4587 |  48.8 |      26 |      10 |  27.8
     Lair:3 |    1017 |     752 |  42.5 |       6 |       2 |  25.0
     Lair:4 |    8944 |    3280 |  26.8 |      27 |      27 |  50.0
     Lair:5 |   11463 |    6849 |  37.4 |      42 |      11 |  20.8
     Lair:6 |    5759 |   10689 |  65.0 |      28 |      22 |  44.0
      Orc:1 |    3833 |     671 |  14.9 |      38 |       1 |   2.6
      Orc:2 |    4799 |    9169 |  65.6 |      37 |      38 |  50.7
      Elf:1 |   12738 |    6838 |  34.9 |      20 |      11 |  35.5
   Depths:1 |       0 |    1283 | 100.0 |       0 |       1 | 100.0
      Sewer |       0 |     224 | 100.0 |       0 |      17 | 100.0
      IceCv |       0 |    9634 | 100.0 |       0 |      48 | 100.0
    Volcano |       0 |    3952 | 100.0 |       0 |      15 | 100.0
   Gauntlet |       0 |    4398 | 100.0 |       0 |      10 | 100.0
            +---------+---------+-------+---------+---------+-------
